 Dungeon Crawl Stone Soup version 0.25.1-2-g60ff931df9 (webtiles) character file.

Game seed: 14793032412453133411

1642 DerDa the Firebug (level 8, -3/46 HPs)
             Began as an Octopode Fire Elementalist on Aug 23, 2020.
             Killed by divine providence
             ... invoked by an orc priest
              (9 damage)
             ... in the Ecumenical Temple.
             The game lasted 00:13:57 (5349 turns).

DerDa the Firebug (Octopode Fire Elementalist)      Turns: 5349, Time: 00:13:58

Health: -3/46      AC:  5    Str:  7    XL:     8   Next: 99%
Magic:  4/17       EV: 13    Int: 19    God:
Gold:   293        SH:  0    Dex: 13    Spells: 4/19 levels left

rFire    . . .     SeeInvis .   p - +8 club
rCold    . . .     Gourm    .   (no shield)
rNeg     . . .     Faith    .   (helmet restricted)
rPois    +         Spirit   .   D - amulet of the acrobat
rElec    .         Reflect  .   f - ring of protection from magic
rCorr    .         Harm     .   m - ring of poison resistance
MR       +....                  r - +4 ring of protection
Stlth    +++.......             B - ring of wizardry
HPRegen  0.15/turn              (no ring)
MPRegen  0.15/turn              (no ring)
                                (no ring)
                                (no ring)

@: no status effects
A: almost no armour, stealthy swim, amphibious, 8 rings, constrict 8, camouflage
1, gelatinous body 1
a: no special abilities


You were in the Ecumenical Temple.
You were not hungry.

You visited 2 branches of the dungeon, and saw 7 of its levels.

You collected 293 gold pieces.

Inventory:

Hand Weapons
 i - a +0 club
 p - a +8 club (weapon)
 w - a +2 short sword of holy wrath
Missiles
 h - 234 stones (quivered)
 z - 2 atropa-tipped darts
Armour
 a - a +0 buckler
Jewellery
 f - a ring of protection from magic (left tentacle)
 m - a ring of poison resistance (right tentacle)
 n - an uncursed amulet of guardian spirit
 r - a +4 ring of protection (on tentacle)
 B - a ring of wizardry (on tentacle)
 D - an amulet of the acrobat (around mantle)
 F - an uncursed amulet of regeneration {unknown}
Scrolls
 e - 4 scrolls of enchant weapon {unknown}
 j - 4 scrolls of identify {unknown}
 l - a scroll of fog {unknown}
 s - 2 scrolls of fear {unknown}
 t - 3 scrolls of remove curse {unknown}
 u - a scroll of enchant armour {unknown}
 x - a scroll of teleportation {unknown}
 y - 2 scrolls of immolation {unknown}
Potions
 c - a potion of degeneration {unknown}
 d - a potion of heal wounds {unknown}
 g - 2 potions of curing
 k - a potion of flight {unknown}
 o - a potion of lignification {unknown}
 q - a potion of stabbing {unknown}
 v - a potion of haste {unknown}
 A - a potion of might {unknown}
 C - a potion of mutation {unknown}
 E - a potion of resistance {unknown}
Comestibles
 b - 5 rations
 G - a chunk of flesh


   Skills:
 - Level 2.0 Dodging
 - Level 2.6 Stealth
 * Level 6.1 Spellcasting
 * Level 6.4 Conjurations
 * Level 7.0 Fire Magic


You had 4 spell levels left.
You knew the following spells:

 Your Spells              Type           Power        Failure   Level  Hunger
a - Foxfire               Conj/Fire      ####         1%          1    None
b - Sticky Flame          Conj/Fire      ####....     2%          4    ####...
c - Fireball              Conj/Fire      ####......   8%          5    #####..
d - Mephitic Cloud        Conj/Pois/Air  ##......     6%          3    ##.....
q - Blink                 Tloc           N/A          7%          2    None

Your spell library contained the following spells:

 Spells                   Type           Power        Failure   Level  Hunger
 Magic Dart               Conj           ####         1%          1    None
 Conjure Flame            Conj/Fire      ####....     1%          3    ##.....
 Inner Flame              Hex/Fire       ###.....     3%          3    ##.....
 Call Imp                 Summ           #.......     7%          2    None
 Slow                     Hex            #.......     7%          2    None


Dungeon Overview and Level Annotations

Branches:
Dungeon (6/15)             Temple (1/1) D:6

Altars:
The Shining One


Innate Abilities, Weirdness & Mutations

You cannot wear most types of armour.
You are very stealthy in the water. (Stealth+)
You are amphibious.
You can wear up to eight rings at the same time.
You can use your tentacles to constrict eight enemies at once.
Your skin changes colour to match your surroundings (Stealth+).
Your rubbery body absorbs attacks. (AC +1, EV +1)


Message History

You hit the orc priest. Your grab misses the orc priest.
You squeeze the orc priest.
The orc priest is heavily wounded.
The orc priest barely misses you.
You closely miss the orc priest. Your grab misses the orc priest.
The orc priest is heavily wounded.
The orc priest hits you.
* * * LOW HITPOINT WARNING * * *
You barely miss the orc priest. You grab the orc priest.
The orc priest is heavily wounded.
You constrict the orc priest, but do no damage.
The orc priest hits you.
* * * LOW HITPOINT WARNING * * *
The orc priest closely misses you.
You hit the orc priest.
The orc priest is almost dead.
You constrict the orc priest, but do no damage.
The orc priest calls down the wrath of Beogh upon you.
Beogh smites you!
You die...

####
###≈≈≈####
#≈≈≈≈≈≈≈≈###
≈≈.........##
.......@o...#
............#
#............#
####.........#
###.......#
##.......#
#.......#
+.......P


You could see an orc priest.

Vanquished Creatures
  Sigmund (D:3)
  Duvessa (D:4)
  A water moccasin (D:4)
  A black bear (D:6)
  2 centaurs
  An ogre (D:5)
  Dowan (D:4)
  A water moccasin skeleton (D:4)
  3 killer bees (D:5)
  A centaur zombie (D:5)
  6 hounds
  2 orc priests
  Crazy Yiuf (D:6)
  A centaur skeleton (D:4)
  An iguana (D:5)
  2 orc wizards (D:3)
  Jessica (D:2)
  A worker ant (D:4)
  2 hound skeletons
  A worker ant zombie (D:6)
  4 gnolls
  A howler monkey skeleton (D:4)
  6 adders
  A shadow imp (D:5)
  2 oozes
  A worm (D:2)
  6 leopard geckos
  15 orcs
  5 giant cockroaches
  9 goblins
  4 hobgoblins
  2 jackals (D:5)
  4 quokkas
  8 bats
  5 frilled lizards
  8 kobolds
  2 rats (D:2)
114 creatures vanquished.

Vanquished Creatures (others)
  396 foxfires
396 creatures vanquished.

Grand Total: 510 creatures vanquished

Notes
Turn   | Place    | Note
-------+----------+-------------------------------------------
     0 | D:1      | DerDa the Octopode Fire Elementalist began the quest for
                  | the Orb.
     0 | D:1      | Reached XP level 1. HP: 11/11 MP: 3/3
   195 | D:1      | Reached XP level 2. HP: 17/17 MP: 1/5
  1063 | D:2      | Reached XP level 3. HP: 15/21 MP: 2/6
  1428 | D:2      | Noticed Jessica
  1432 | D:2      | Killed Jessica
  1432 | D:2      | Reached XP level 4. HP: 27/27 MP: 1/8
  2076 | D:3      | Reached skill level 4 in Fire Magic
  2076 | D:3      | Reached XP level 5. HP: 15/31 MP: 1/9
  2307 | D:3      | Reached XP level 6. HP: 17/36 MP: 1/11
  2498 | D:3      | Noticed Sigmund
  2505 | D:3      | Learned a level 4 spell: Sticky Flame
  2511 | D:3      | Learned a level 5 spell: Fireball
  2532 | D:3      | Found a glowing golden altar of the Shining One.
  3013 | D:3      | Killed Sigmund
  3013 | D:3      | Reached skill level 5 in Fire Magic
  3097 | D:4      | Reached XP level 7. HP: 41/41 MP: 10/13
  3432 | D:4      | Noticed Duvessa
  3432 | D:4      | Noticed Dowan
  3606 | D:4      | Killed Duvessa
  3613 | D:4      | Reached skill level 5 in Conjurations
  3617 | D:4      | Killed Dowan
  3617 | D:4      | Reached skill level 5 in Spellcasting
  3617 | D:4      | Reached XP level 8. HP: 23/46 MP: 3/15
  3867 | D:4      | Reached skill level 6 in Fire Magic
  4117 | D:4      | Learned a level 3 spell: Mephitic Cloud
  4120 | D:4      | Learned a level 2 spell: Blink
  4296 | D:5      | Entered Level 5 of the Dungeon
  5095 | D:5      | You fall into a shaft and drop 1 floor!
  5261 | D:6      | Found a runed translucent door.
  5262 | D:6      | Noticed Crazy Yiuf
  5268 | D:6      | Killed Crazy Yiuf
  5332 | D:6      | Reached skill level 7 in Fire Magic
  5334 | D:6      | Found a staircase to the Ecumenical Temple.
  5345 | Temple   | Entered the Ecumenical Temple
  5349 | Temple   | Killed from afar by an orc priest

Illustrated notes

Levels and vault maps discovered:
D:1:      lemuel_arrival_river_ford, layout_basic
D:2:      layout_loops_cross, uniq_jessica
D:3:      layout_rooms, nicolae_overflow_crystal_walls, first_ration,
          chequers_serial_rivers_room_b, uniq_sigmund
D:4:      layout_cave_pools, kennysheep_another_room, grunt_ministairs_7,
          uniq_duvessa
D:5:      cheibrodos_quashed, layout_basic
D:6:      layout_basic, grunt_temple_overflow_open,
          minmay_temple_entry_statues_fountains, uniq_grinder,
          uniq_crazy_yiuf_cottage
Temple:   minmay_temple_curvy_loop

Skill      XL: |  1  2  3  4  5  6  7  8 |
---------------+-------------------------+-----
Conjurations   | 2 3 4 5 6 |  6.4
Spellcasting   | 3 4 5 6 |  6.1
Fire Magic     | 4 5 7 |  7.0
Dodging        | |  2.0
Stealth        | |  2.6

Action                   |  1- 3 |  4- 6 |  7- 9 || total
-------------------------+-------+-------+-------++-------
Melee: Unarmed           |     2 |       |       ||     2
       Constrict         |     2 |     5 |     5 ||    12
       Club              |     6 |    20 |    30 ||    56
       Tentacles         |     1 |     5 |     4 ||    10
 Cast: Foxfire           |    45 |    79 |   117 ||   241
       Sticky Flame      |       |       |     5 ||     5
       Fireball          |       |       |     2 ||     2
       Mephitic Cloud    |       |       |     1 ||     1
  Use: Potion            |       |       |     2 ||     2
       Scroll            |       |       |     1 ||     1
 Stab: Sleeping          |       |       |     1 ||     1
  Eat: Chunk             |     2 |     5 |     8 ||    15
Armor: Skin              |     1 |     7 |     9 ||    17
Dodge: Dodged            |     8 |    27 |    56 ||    91
